 Dungeon Crawl Stone Soup version 0.30.0-29-ga12c61a403 (webtiles) character file.

Game seed: 8929053272308767809

162 RascalDebosk the Magician (level 5, -1/39 HPs)
             Began as a Djinni Warper on June 5, 2023.
             Slain by a bullfrog (5 damage)
             ... in a sewer.
             The game lasted 00:17:32 (1987 turns).

RascalDebosk the Magician (Djinni Warper)           Turns: 1987, Time: 00:17:33

Health: -1/39      AC:  6    Str: 10    XL:     5   Next: 71%
Gold:   151        EV: 11    Int: 16    God:
                   SH:  0    Dex: 13

rFire   + + .        a - +0 falchion
rCold   x . .        (no shield)
rNeg    . . .        b - +0 leather armour
rPois   ∞            h - +0 helmet
rElec   .            q - +0 cloak
rCorr   .            m - +0 pair of gloves
SInv    .            (boots unavailable)
Will    .....        k - amulet of the acrobat
Stlth   +            (no ring)
HPRegen 0.26/turn    (no ring)
MPRegen 0.00/turn

%: acrobat, infuse magic (-2 HP)
@: flying
A: sickness immunity, fire resistance 2, cold vulnerability 1, float, innate
caster, HP casting, extra vitality 1
a: no special abilities


You were in a sewer.
You visited 1 branch of the dungeon, and saw 3 of its levels.
You also visited: Sewer.

You collected 151 gold pieces.

Inventory:

Hand Weapons
 a - a +0 falchion (weapon)
Missiles
 d - 3 boomerangs of dispersal (quivered)
Armour
 b - a +0 leather armour (worn)
 h - a +0 helmet (worn)
 m - a +0 pair of gloves (worn)
 q - a +0 cloak (worn)
Jewellery
 k - an amulet of the acrobat (around neck)
Scrolls
 c - 2 scrolls of identify {unknown}
 e - a scroll of amnesia {unknown}
 g - a scroll of fog {unknown}
 l - a scroll of magic mapping {unknown}
 n - a scroll of poison {unknown}
 o - a scroll of teleportation {unknown}
Potions
 f - a potion of berserk rage {unknown}
 i - a potion of haste {unknown}
 j - 2 potions of degeneration {unknown}
 p - a potion of curing {unknown}


   Skills:
 + Level 2.4 Fighting
 + Level 2.2 Long Blades
 - Level 0.7 Throwing
 - Level 1.0 Armour
 - Level 2.1 Dodging
 * Level 4.3 Spellcasting


You knew the following spells:

 Your Spells              Type           Power      Damage    Failure   Level
a - Blink                 Tloc           34%        N/A       6%          2
b - Lesser Beckoning      Tloc           34%        N/A       6%          2
c - Vhi's Electric Charg  Tloc/Air       34%        N/A       12%         3
d - Teleport Other        Tloc           17%        N/A       12%         3
e - Manifold Assault      Tloc           17%        N/A       36%         4
f - Summon Small Mammal   Summ           68%        N/A       3%          1
g - Wereblood             Tmut           17%        N/A       6%          2
Your spell library was empty.

Dungeon Overview and Level Annotations

Branches:
Dungeon (3/15)              Sewer (1/1)

Altars:


Innate Abilities, Weirdness & Mutations

You are immune to sickness and miasma.
You are immune to poison.
Your flesh is very heat resistant. (rF++)
You are vulnerable to cold. (rC-)
You float through the air rather than walking.
You learn spells naturally, not from books.
Your magical power is your life essence.
You have superior vitality. (+4 MHP)


Message History

You kill the frilled lizard!
The frilled lizard bites you but does no damage.
The frilled lizard barely misses you.
You closely miss the frilled lizard. The frilled lizard barely misses you.
The frilled lizard bites you but does no damage.
You hit the frilled lizard.
You kill the frilled lizard!
The frilled lizard bites you but does no damage.
A giant cockroach comes into view.
You miss the frilled lizard. The frilled lizard barely misses you.
The frilled lizard closely misses you.
You hit the frilled lizard.
You kill the frilled lizard!
Things that are here:
a frilled lizard corpse; a frilled lizard corpse The giant cockroach splashes around in the water.
The giant cockroach closely misses you.
You closely miss the giant cockroach. The giant cockroach barely misses you.
You barely miss the giant cockroach. The giant cockroach misses you.
The giant cockroach bites you but does no damage.
You hit the giant cockroach.
You kill the giant cockroach!
You have reached level 5!
The power to cast Wereblood wells up from within.
Spell assigned to 'g'.
Casting: Manifold Assault (extremely dangerous; 38% risk of failure)
Confirm with . or Enter, or press ? or * to list all spells.
You miscast Wereblood.
You are very lightly contaminated with residual magic.
Nothing appears to happen.
Found a gate leading back out of this place.
The giant cockroach bites you but does no damage.
You hit the giant cockroach.
The giant cockroach is moderately wounded.
The giant cockroach splashes around in the water.
You closely miss the giant cockroach.
The giant cockroach is moderately wounded.
The giant cockroach misses you.
The giant cockroach bites you but does no damage.
You hit the giant cockroach but do no damage.
The giant cockroach is moderately wounded.
The giant cockroach closely misses you.
Your magical contamination has completely faded away.
You barely miss the giant cockroach.
The giant cockroach is moderately wounded.
The giant cockroach bites you.
The giant cockroach bites you but does no damage.
You hit the giant cockroach.
You kill the giant cockroach!
You see here a giant cockroach corpse.
A bullfrog comes into view.
The bullfrog croaks.
You hear a loud, deep croak!
A bullfrog comes into view.
The bullfrog croaks.
The bullfrog misses you. The bullfrog closely misses you.
You see here a condenser vane.
You hit the bullfrog but do no damage. The bullfrog closely misses you.
The bullfrog hits you but does no damage.
The bullfrog hits you.
You hit the bullfrog.
The bullfrog is moderately wounded.
The bullfrog hits you. The bullfrog closely misses you.
The bullfrog hits you but does no damage.
You slash the bullfrog!
The bullfrog is heavily wounded.
The bullfrog closely misses you. The bullfrog barely misses you.
The bullfrog hits you but does no damage. x2
You slash the bullfrog!
The bullfrog is almost dead.
The bullfrog hits you. x3; The bullfrog completely misses you.
You hit the bullfrog.
You kill the bullfrog!
The bullfrog hits you!
* * * LOW HITPOINT WARNING * * *
The bullfrog barely misses you.
Your Long Blades skill increases to level 2!
You hit the bullfrog.
The bullfrog is lightly wounded.
The bullfrog hits you.
* * * LOW HITPOINT WARNING * * *
The bullfrog hits you.
* * * LOW HITPOINT WARNING * * *
You slash the bullfrog!
The bullfrog is heavily wounded.
The bullfrog hits you!
* * * LOW HITPOINT WARNING * * *
You hit the bullfrog.
The bullfrog is heavily wounded.
The bullfrog completely misses you.
The bullfrog hits you but does no damage.
Unknown command.
You hit the bullfrog.
The bullfrog is severely wounded.
The bullfrog hits you but does no damage.
The bullfrog hits you.
* * * LOW HITPOINT WARNING * * *
You closely miss the bullfrog.
The bullfrog is severely wounded.
The bullfrog hits you.
You die...

######## ####≈≈≈≈≈≈####
#≈≈≈≈≈≈≈≈≈≈≈≈###
≈≈≈≈≈≈≈≈≈≈≈~≈≈≈##≈≈
≈≈≈≈≈≈≈≈≈≈~∩~~≈≈#≈≈≈
≈≈≈≈.~.≈≈~...≈≈≈≈≈≈≈
≈≈≈≈≈~~.F@~.~..≈≈~≈≈~≈
#≈≈≈≈≈≈.$)[~~.~≈≈~≈~~~≈ ≈~.#
#≈≈≈≈≈≈≈~?.~~.≈≈~≈≈≈~~≈~ ≈~.#
#≈≈≈≈≈≈≈≈~~~~..~≈≈≈~~~≈~~ ≈~.#
#≈≈~≈≈≈≈≈≈.~~†≈≈≈≈~~~≈~~ ≈~~#
#≈≈≈~≈≈≈≈≈≈≈≈≈≈≈≈≈~.~≈~~
≈~~#######~≈≈≈≈≈≈≈~~≈≈≈≈≈~.~≈~.
≈~~~~.........~~≈~≈≈~~~~..~~≈~.
≈†~~~~~~~~~~~~~~~≈~~≈≈≈~~~~≈≈~.


You could see a bullfrog.

Vanquished Creatures
  A bullfrog (Sewer)
  2 adders
  3 worms
  3 dart slugs
  4 endoplasms
  4 giant cockroaches
  5 hobgoblins
  6 quokkas
  4 ball pythons
  3 bats (D:1)
  8 frilled lizards
  4 goblins
  10 kobolds
  5 rats
62 creatures vanquished.

Vanquished Creatures (collateral kills)
  2 endoplasms (D:2)
2 creatures vanquished.

Grand Total: 64 creatures vanquished

Notes
Turn   | Place    | Note
-------+----------+-------------------------------------------
     0 | D:1      | RascalDebosk the Djinni Warper began the quest for the Orb.
     0 | D:1      | RascalDebosk set off with the following spells memorised:
                  | Blink, Lesser Beckoning, Vhi's Electric Charge, Teleport
                  | Other, Manifold Assault.
     0 | D:1      | Reached XP level 1. HP: 18/18 MP: 0/0
   130 | D:1      | Reached XP level 2. HP: 18/23 MP: 0/0
   273 | D:1      | Reached skill level 3 in Spellcasting
   398 | D:1      | Reached XP level 3. HP: 27/28 MP: 0/0
   398 | D:1      | Learned a level 1 spell: Summon Small Mammal
   877 | D:2      | HP: 1/28 [kobold/stone (1)]
   883 | D:2      | HP: 1/28 [kobold/+0 short sword (2)]
  1186 | D:2      | Reached XP level 4. HP: 30/33 MP: 0/0
  1642 | D:3      | Found a glowing drain.
  1794 | Sewer    | Entered a sewer
  1891 | Sewer    | Reached skill level 4 in Spellcasting
  1962 | Sewer    | Reached XP level 5. HP: 38/38 MP: 0/0
  1962 | Sewer    | Learned a level 2 spell: Wereblood
  1975 | Sewer    | Noticed a bullfrog
  1976 | Sewer    | Noticed a bullfrog
  1982 | Sewer    | Killed a bullfrog
  1987 | Sewer    | Slain by a bullfrog

Illustrated notes

Levels and vault maps discovered:
D:1:      lemuel_arrival_hallway, layout_basic
D:2:      layout_basic, dreamdust_wishing_well
D:3:      layout_basic, mainiacjoe_overflow_24_doors,
          cheibrodos_sewer_entry_bend, minmay_cut_off
Sewer:    sewer_frog_island_01

Skill      XL: |  1  2  3  4  5 |
---------------+----------------+-----
Spellcasting   | 3 4 |  4.3
Long Blades    | 2 |  2.2
Fighting       | |  2.4
Throwing       | |  0.7
Armour         | |  1.0
Dodging        | |  2.1

Action                     |  1- 3 |  4- 6 || total
---------------------------+-------+-------++-------
  Melee: Falchion          |   132 |   132 ||   264
         Punch             |       |     2 ||     2
  Throw: Boomerang         |     4 |       ||     4
   Cast: Summon Small Mamm |     3 |       ||     3
         Manifold Assault  |       |     2 ||     2
         Blink             |       |     1 ||     1
    Use: Scroll            |     1 |       ||     1
 Armour: Leather armour    |    54 |    47 ||   101
  Dodge: Dodged            |    99 |    75 ||   174
